 Dungeon Crawl Stone Soup version 0.32-a0-938-g40ac7a0f4d (webtiles) character file.

Game seed: 9994666974571324099

48 LadyBoffin the Vexing (level 3, 0/20 HPs)
             Began as a Deep Elf Hexslinger on Apr 15, 2024.
             Incinerated by a bombardier beetle (5 damage)
             ... with a burning spray
             ... on level 3 of the Dungeon.
             The game lasted 00:07:12 (1591 turns).

LadyBoffin the Vexing (Deep Elf Hexslinger)         Turns: 1591, Time: 00:07:13

Health: 0/20       AC:  4    Str:  5    XL:     3   Next: 50%
Magic:  7/8        EV: 11    Int: 19    God:
Gold:   133        SH:  0    Dex: 17    Spells: 4/6 levels left

rFire   . . .        a - +1 sling
rCold   . . .        (no shield)
rNeg    . . .        h - +0 leather armour
rPois   .            (no helmet)
rElec   .            (no cloak)
rCorr   .            g - +0 pair of gloves
SInv    .            (no boots)
Will    .....        (no amulet)
Stlth   +            (no ring)
HPRegen 0.23/turn    (no ring)
MPRegen 0.11/turn

%: no passive effects
@: on fire, weak-willed, glowing
A: no striking features
a: no special abilities


You were on level 3 of the Dungeon.
You visited 1 branch of the dungeon, and saw 3 of its levels.

You collected 133 gold pieces.

Inventory:

Hand Weapons
 a - a +1 sling (weapon)
Armour
 c - a +0 robe
 g - a +0 pair of gloves (worn)
 h - a +0 leather armour (worn)
Scrolls
 b - a scroll of poison
 i - a scroll of enchant armour {unknown}
Potions
 d - a potion of degeneration
 e - a potion of invisibility
 f - a potion of heal wounds {unknown}


   Skills:
 + Level 1.2 Fighting
 + Level 3.2 Ranged Weapons
 + Level 2.9 Dodging
 + Level 2.4 Spellcasting
 + Level 4.4 Hexes
 + Level 1.7 Fire Magic


You had 4 spell levels left.
You knew the following spells:

 Your Spells              Type           Power      Damage    Failure   Level
a - Jinxbite              Hex            38%        N/A       7%          2

Your spell library contained the following spells:

 Spells                   Type           Power      Damage    Failure   Level
 Sigil of Binding         Hex            19%        N/A       13%         3
 Tukima's Dance           Hex            19%        N/A       13%         3
 Inner Flame              Hex/Fire       13%        N/A       22%         3
 Cause Fear               Hex            9%         N/A       41%         4
 Dimensional Bullseye     Hex/Tloc       5%         N/A       73%         4
 Iskenderun's Mystic Bla Conj/Tloc 2%             2d3        (+2d1     95%         4
 Summon Forest            Summ/Tloc      1%         N/A       100%        5
 Eringya's Noxious Bog    Alch           1%         4d6       100%        6
 Summon Hydra             Summ           1%         N/A       100%        7


Dungeon Overview and Level Annotations

Branches:
Dungeon (3/15)

Altars:


Message History

The adder is lightly wounded.
The liquid fire burns you!
Fire: a) +1 sling
Press: ? - help, Q - select action, (/) - cycle Shift-Dir - straight line, f/p - bombardier beetle
Aim: a bombardier beetle (heavily wounded, heavily drained, chance to call a sprite on attack: 61%, 70% to hit)
You shoot a sling bullet. The sling bullet misses the adder.
The sling bullet barely misses the bombardier beetle.
A giggling sprite leaps out and makes the adder trip over its own tail.
The adder is heavily wounded.
The liquid fire burns you!
The jinxing sprites lose interest in you.
The adder barely misses you. The adder closely misses you.
Fire: a) +1 sling
Press: ? - help, Q - select action, (/) - cycle Shift-Dir - straight line, f/p - bombardier beetle
Aim: a bombardier beetle (heavily wounded, heavily drained, 70% to hit)
You shoot a sling bullet.
The sling bullet barely misses the adder.
The sling bullet hits the bombardier beetle.
The bombardier beetle is almost dead.
The liquid fire burns you!
The bombardier beetle seems less drained.
The adder bites you but does no damage. The adder bites you.
Fire: a) +1 sling
Press: ? - help, Q - select action, (/) - cycle Shift-Dir - straight line, f/p - bombardier beetle
Aim: a bombardier beetle (almost dead, 70% to hit)
You shoot a sling bullet.
The sling bullet closely misses the bombardier beetle.
The liquid fire burns you!
* * * LOW HITPOINT WARNING * * *
The adder bites you but does no damage.
The bombardier beetle bites you but does no damage.
The adder completely misses you.
Fire: a) +1 sling
Press: ? - help, Q - select action, (/) - cycle Shift-Dir - straight line, f/p - bombardier beetle
Aim: a bombardier beetle (almost dead, 70% to hit)
You shoot a sling bullet.
The sling bullet hits the bombardier beetle.
You kill the bombardier beetle!
The liquid fire burns you!
You die...

#.# #.##.# #.#
#.##.# #.# #.##.#
..#####.###.##.##
#..............<#
.#.............>##
#....###.###..#.#
#...###.# #..#.#
#...)S@†# #..#.#
......†..# #..#.#
.##......# #..#.#
#..###.. .....#
.... #.###..#.#
.... #.# #..# .##
#.# #..# ...


You could see an adder (very drained).

Vanquished Creatures
  A bombardier beetle (D:3)
  A gnoll (D:1)
  2 dart slugs (D:2)
  An endoplasm (D:1)
  3 giant cockroaches
  2 hobgoblins (D:2)
  A quokka (D:3)
  7 ball pythons
  2 bats (D:1)
  5 frilled lizards
  5 goblins
  3 kobolds
  5 rats
38 creatures vanquished.

Notes
Turn   | Place    | Note
-------+----------+-------------------------------------------
     0 | D:1      | LadyBoffin the Deep Elf Hexslinger began the quest for the
                  | Orb.
     0 | D:1      | Reached XP level 1. HP: 11/11 MP: 5/5
    14 | D:1      | Reached skill level 1 in Fighting
    14 | D:1      | Reached XP level 2. HP: 16/16 MP: 6/6
   377 | D:1      | Learned a level 2 spell: Jinxbite
   564 | D:1      | Found a faded altar of an unknown god.
   632 | D:2      | Reached XP level 3. HP: 20/20 MP: 5/8
  1591 | D:3      | Incinerated by a bombardier beetle

Illustrated notes

Levels and vault maps discovered:
D:1:      dpeg_arrival_stonehenge_8_columns, layout_basic,
          shapermc_ecumenical_altar_hornbeckon
D:2:      kennysheep_big_flooded_room, layout_basic
D:3:      layout_basic, gammafunk_ghost_abyssal_escape, minmay_distorted

Skill      XL: |  1  2 |
---------------+-------+-----
Fighting       | 1 |  1.2
Ranged Weapons | 3 |  3.2
Spellcasting   | 2 |  2.4
Dodging        | |  2.9
Hexes          | |  4.4
Fire Magic     | |  1.7

Action                     || total
---------------------------++-------
   Fire: Sling             ||    95
   Cast: Jinxbite          ||     5
    Use: Scroll            ||     3
 Armour: Robe              ||    11
         Leather armour    ||    15
  Dodge: Dodged            ||    36

Table legend: (Time is in decaauts)
 A = Elapsed time spent in this place.
 B = Non-inter-level travel time spent in this place.
 C = Inter-level travel time spent in this place.
 D = Time resting spent in this place.
 E = Time spent auto-exploring this place.
 F = Levels seen in this place.
 G = Mean time per level.
                   A        B        C        D        E       F      G
               +--------+--------+--------+--------+--------+-----+--------+
         Total |   1622 |   1558 |     64 |    249 |    710 |   3 |  540.7 |
       Dungeon |   1622 |   1558 |     64 |    249 |    710 |   3 |  540.7 |
               +--------+--------+--------+--------+--------+-----+--------+

Top non-repeatable levels by time:
     D:2: 945 daAuts
     D:1: 634 daAuts
     D:3: 42 daAuts
